 Dungeon Crawl Stone Soup version 0.19.0-24-gb05acd6 (webtiles) character file.

37 nikopol the Skirmisher (level 3, 0/49 HPs)
             Began as a Minotaur Berserker on Nov 22, 2016.
             Was a Believer of Trog.
             Slain by a gnoll
             ... wielding a +0 flail
              (10 damage)
             ... on level 2 of the Dungeon.
             The game lasted 00:01:58 (641 turns).

nikopol the Skirmisher (Minotaur Berserker)          Turns: 641, Time: 00:01:59

Health: 0/49       AC:  3    Str: 26    XL:     3   Next: 21%
Magic:  2/2        EV: 12    Int:  4    God:    Trog [**....]
Gold:   20         SH:  0    Dex: 10    Spells: 0 memorised, 2 levels left

rFire  . . .     SeeInvis .     a - +0 spear
rCold  . . .     Gourm    .     b - +0 animal skin
rNeg   . . .     Faith    .     (no shield)
rPois  .         Spirit   .     (helmet restricted)
rElec  .         Reflect  .     m - +0 cloak
rCorr  .         Harm     .     (no gloves)
MR     .....                    (no boots)
Stlth  ..........               (no amulet)
                                (no ring)
                                (no ring)

@: berserking, very quick
A: retaliatory headbutt, horns 2
a: Berserk, Trog's Hand, Burn Spellbooks, Renounce Religion


You were on level 2 of the Dungeon.
You worshipped Trog.
Trog was pleased with you.
You were not hungry.

You visited 1 branch of the dungeon, and saw 2 of its levels.

You collected 20 gold pieces.

Inventory:

Hand Weapons
 a - a +0 spear (weapon)
Armour
 b - a +0 animal skin (worn)
 m - a +0 cloak (worn)
Scrolls
 e - 3 scrolls of identify {unknown}
 g - a scroll of remove curse {unknown}
 j - a scroll of teleportation {unknown}
 k - a scroll of blinking {unknown}
Potions
 f - a potion of berserk rage {unknown}
 h - a potion of haste {unknown}
 l - a potion of agility {unknown}
Comestibles
 c - a bread ration
 d - a slice of pizza
 i - a chunk of flesh


   Skills:
 + Level 3.9 Fighting
 + Level 3.8 Polearms
 + Level 3.4 Armour
 + Level 2.9 Dodging


You had 2 spell levels left.
You didn't know any spells.

Dungeon Overview and Level Annotations

Branches:
Dungeon (2/15)

Altars:
Nemelex Xobeh


Innate Abilities, Weirdness & Mutations

You reflexively headbutt those who attack you in melee.
You have a pair of horns on your head.


Message History

The gnoll moves out of view.
A gnoll comes into view. It is wielding a spear.
The gnoll shouts!
You hit the gnoll but do no damage. Your headbutt misses the gnoll.
The gnoll hits you with a whip of flaming.
The gnoll burns you.
You barely miss the gnoll.
The gnoll hits you with a whip of flaming.
The gnoll burns you.
You hit the gnoll but do no damage. Your headbutt misses the gnoll.
You closely miss the gnoll. You hit the gnoll.
The gnoll is moderately wounded.
The gnoll misses you. The gnoll hits you with a flail!
* * * LOW HITPOINT WARNING * * *
A red film seems to cover your vision as you go berserk!
You feel yourself moving faster!
You feel mighty!
You feel quite a bit more hungry. The gnoll barely misses you.
The gnoll hits you with a flail!
You die...

.......##†........
...###.###..## ...
...###.##....# ... #
...#......##.# #.# .####
#..#.#[..###.###.# .....
#....#..####..##.#......
#.#.....##....##.#......
# #.#..###.......l......
.. #..# #....).@#.... ..
..........#.#gg.....
.##....!......Kg.####
####!......g...#
##............
###...........
.>..........
.............


You could see 4 gnolls, a kobold and a frilled lizard.

Vanquished Creatures
  An ooze (D:2)
  2 dart slugs (D:1)
  A leopard gecko (D:1)
  4 bats
  4 goblins (D:1)
  2 hobgoblins (D:1)
  A quokka (D:2)
  2 ball pythons (D:1)
  3 frilled lizards (D:1)
  3 kobolds
  5 rats
28 creatures vanquished.

Notes
Turn   | Place    | Note
-------+----------+-------------------------------------------
     0 | D:1      | nikopol the Minotaur Berserker began the quest for the Orb.
     0 | D:1      | Reached XP level 1. HP: 19/19 MP: 0/0
    84 | D:1      | Found a sparkling altar of Nemelex Xobeh.
   131 | D:1      | Reached XP level 2. HP: 27/27 MP: 1/1
   605 | D:2      | Reached XP level 3. HP: 33/33 MP: 2/2
   631 | D:2      | Reached ** piety under Trog
   641 | D:2      | Slain by a gnoll

Skill      XL: |  1 |
---------------+----+-----
Armour         | 3 |  3.4
Fighting       | |  3.9
Polearms       | |  3.8
Dodging        | |  2.9

Action                   || total
-------------------------++-------
Melee: Spear             ||    68
       Headbutt          ||     9
Invok: Berserk           ||     1
 Stab: Sleeping          ||     3
Armor: Animal skin       ||    10
Dodge: Dodged            ||    15
